 Dungeon Crawl Stone Soup version 0.28.0-47-ge53b351184 (webtiles) character file.

Game seed: 14339809820420205211

552 issech the Cudgeller (level 7, -2/67 HPs)
             Began as a Troll Monk on May 8, 2022.
             Slain by an unseen horror (9 damage)
             ... on level 5 of the Dungeon.
             The game lasted 00:12:20 (3483 turns).

issech the Cudgeller (Troll Monk)                   Turns: 3483, Time: 00:12:20

Health: -2/67      AC:  4    Str: 20    XL:     7   Next: 8%
Magic:  6/6        EV: 11    Int:  6    God:
Gold:   185        SH:  0    Dex: 14    Spells: 6/6 levels left

rFire   . . .      SeeInvis .   k - +0 giant club
rCold   . . .      Faith    .   (shield currently unavailable)
rNeg    . . .      Spirit   .   b - +0 robe
rPois   .          Reflect  .   (helmet restricted)
rElec   .          Harm     .   (no cloak)
rCorr   .          Rampage  .   (gloves unavailable)
Will    .....                   (boots unavailable)
Stlth   ++........              (no amulet)
HPRegen 1.01/turn               (no ring)
MPRegen 0.10/turn               (no ring)

@: no status effects
A: large, unfitting armour, claws 3, regeneration 1, shaggy fur 1, tough skin 1
a: no special abilities


You were on level 5 of the Dungeon.
You visited 1 branch of the dungeon, and saw 5 of its levels.

You collected 185 gold pieces.

Inventory:

Hand Weapons
 a - a +0 mace
 k - a +0 giant club (weapon)
 t - a +0 flail
 x - a +0 war axe
Missiles
 e - 12 poisoned darts
 j - 2 boomerangs (quivered)
 m - 102 arrows
 p - 90 stones
 s - 25 bolts
 u - 22 sling bullets
 y - 3 curare-tipped darts
Armour
 b - a +0 robe (worn)
Scrolls
 c - a scroll of enchant armour
 d - a scroll of amnesia
 g - a scroll of blinking
 h - a scroll of immolation
 l - a scroll of enchant weapon
 o - a scroll of torment {unknown}
 q - a scroll of teleportation {unknown}
 v - a scroll of holy word {unknown}
 w - a scroll of noise {unknown}
 z - a scroll of fear {unknown}
Potions
 f - 2 potions of degeneration {unknown}
 i - 4 potions of curing {unknown}
 r - a potion of lignification {unknown}
 A - a potion of berserk rage {unknown}


   Skills:
 + Level 3.6 Fighting
 + Level 5.4 Maces & Flails
 + Level 1.1 Throwing
 + Level 3.8 Dodging
 + Level 1.4 Stealth


You had 6 spell levels left.
You didn't know any spells.
Your spell library contained the following spells:

 Spells                   Type           Power      Damage    Failure   Level
 Static Discharge         Conj/Air       0%         N/A       58%         2
 Dispel Undead            Necr           0%         3d6       99%         4
 Sticky Flame             Conj/Fire      0%         2d3       99%         4


Dungeon Overview and Level Annotations

Branches:
Dungeon (5/15)
 Temple: D:4-7

Altars:
Makhleb
Okawaru
Sif Muna

Shops:
D:1 !


Innate Abilities, Weirdness & Mutations

You are too large for most types of armour.
You have claws for hands.
Your natural rate of healing is unusually fast.
You are covered in fur. (AC +1)
You have tough skin. (AC +1)


Message History

There is an open door here.
Found an escape hatch in the ceiling.
Found a pair of gloves.
i - 4 fuming golden potions (gained 1)
There is an open door here.
As you read the scroll labelled OCSAEMMUUT, it crumbles to dust.
It is a scroll of identify.
c - a scroll of enchant armour
As you read the scroll of identify, it crumbles to dust.
d - a scroll of amnesia
As you read the scroll of identify, it crumbles to dust.
g - a scroll of blinking
As you read the scroll of identify, it crumbles to dust.
h - a scroll of immolation
As you read the scroll of identify, it crumbles to dust.
l - a scroll of enchant weapon
Okay, then.
There is an open door here.
Found a stone staircase leading down.
Something hits you.
Deactivating autopickup; reactivate with Ctrl-A.
Something hits you but does no damage. Something hits you.
You see here a metallic purple potion.
You bludgeon something!! Something hits you.
You barely miss something. Something hits you. x3
You sock something! Something hits you but does no damage. Something hits you!
You barely miss something. Something hits you! Something hits you.
Something hits you but does no damage. x2
There is a stone staircase leading down here.
Something hits you!
* * * LOW HITPOINT WARNING * * *
Something hits you!
* * * LOW HITPOINT WARNING * * *
You see here a metallic purple potion.
Something hits you but does no damage. Something hits you.
* * * LOW HITPOINT WARNING * * *
Something hits you!
You die...

##### ...# #.######
#....... # ###..###
##.#######.# #[....
+...>.!..#.# #...##
##.#.###@#.#. .# #..... #
#####.#.#.#.# #....#
######.##.#.#...# #....#
#:::##.##.#.#.[.# # #.....
#######.##.#.##..#.#.#...##
#.....'....#.##..#........#
#.._..##.###.##..#######>.#
#.....#.............<......
#######....#.##.####......#


There were no monsters in sight!

Vanquished Creatures
  An ice beast (D:5)
  2 ogres
  A black bear (D:3)
  A howler monkey (D:3)
  4 gnolls (D:3)
  3 adders
  An adder skeleton (D:4)
  2 worms (D:2)
  6 orcs
  3 endoplasms (D:2)
  4 giant cockroaches
  8 goblins
  6 hobgoblins
  2 jackals (D:4)
  3 quokkas
  7 ball pythons
  10 bats
  7 frilled lizards
  5 kobolds
  8 rats
84 creatures vanquished.

Notes
Turn   | Place    | Note
-------+----------+-------------------------------------------
     0 | D:1      | issech the Troll Monk began the quest for the Orb.
     0 | D:1      | Reached XP level 1. HP: 22/22 MP: 0/0
   256 | D:1      | Found Kuitutoi's Distillery.
   268 | D:1      | Reached XP level 2. HP: 29/29 MP: 1/1
   861 | D:2      | Reached skill level 3 in Maces & Flails
   866 | D:2      | Noticed an ogre
   911 | D:2      | Reached XP level 3. HP: 23/36 MP: 2/2
   984 | D:2      | HP: 1/36 [ogre/+0 giant club (13)]
  1094 | D:2      | Killed an ogre
  1095 | D:2      | Reached XP level 4. HP: 34/45 MP: 3/3
  1157 | D:2      | Found a faded altar of an unknown god.
  1280 | D:2      | Reached skill level 4 in Maces & Flails
  1280 | D:2      | Reached XP level 5. HP: 53/53 MP: 4/4
  1851 | D:3      | Found a burning altar of Makhleb.
  1870 | D:3      | Found an iron altar of Okawaru.
  2211 | D:3      | Noticed a black bear
  2242 | D:3      | Killed a black bear
  2243 | D:3      | Reached XP level 6. HP: 59/61 MP: 5/5
  3090 | D:5      | Entered Level 5 of the Dungeon
  3201 | D:5      | Noticed an ice beast
  3215 | D:5      | Killed an ice beast
  3216 | D:5      | Reached skill level 5 in Maces & Flails
  3216 | D:5      | Reached skill level 1 in Throwing
  3264 | D:5      | Reached XP level 7. HP: 11/67 MP: 6/6
  3401 | D:5      | Found a shimmering blue altar of Sif Muna.
  3483 | D:5      | Slain by an unseen horror

Illustrated notes

Levels and vault maps discovered:
D:1:      wheals_arrival_linesprint, layout_basic, serial_shops,
          nicolae_diamond_shop, minmay_curled_crystal, minmay_misc_feat_rugged
D:2:      layout_basic, hellmonk_ecumenical_altar_crossroads
D:3:      layout_basic, mainiacjoe_overflow_catwalk_spiral,
          minmay_misc_feat_nine_boxes, minmay_misc_feat_square,
          kennysheep_cross_room, minivault_25,
          nicolae_concentric_dashed_squares_mild
D:4:      layout_loops_ring
D:5:      layout_basic, nicolae_sif_muna_little_library,
          minmay_temple_entry_overgrown, serial_shops, shop

Skill      XL: |  1  2  3  4  5  6 |
---------------+-------------------+-----
Maces & Flails | 3 4 5 |  5.4
Fighting       | 3 |  3.6
Dodging        | 3 |  3.8
Throwing       | 1 |  1.1
Stealth        | |  1.4

Action                   |  1- 3 |  4- 6 |  7- 9 || total
-------------------------+-------+-------+-------++-------
Melee: Mace              |    97 |       |       ||    97
       Punch             |     2 |       |       ||     2
       Giant club        |       |   169 |     4 ||   173
Throw: Boomerang         |     1 |    20 |       ||    21
  Use: Scroll            |       |       |     5 ||     5
 Stab: Sleeping          |       |     2 |       ||     2
Armor: Robe              |    64 |    79 |     5 ||   148
Dodge: Dodged            |    63 |   132 |       ||   195
